 Dungeon Crawl Stone Soup version 0.24.0-13-gcf9b319 (webtiles) character file.

Game seed: 14095419821533298, levelgen mode: deterministic

24 Arctor the Conjurer (level 3, -2/19 HPs)
             Began as a Gargoyle Wizard on Apr 17, 2020.
             Slain by an orc
             ... wielding a +0 short sword
              (3 damage)
             ... on level 2 of the Dungeon.
             The game lasted 00:01:38 (1113 turns).

Arctor the Conjurer (Gargoyle Wizard)               Turns: 1113, Time: 00:01:38

Health: -2/19      AC:  5    Str: 10    XL:     3   Next: 2%
Magic:  0/7        EV: 12    Int: 19    God:
Gold:   76         SH:  0    Dex:  8    Spells: 7/8 levels left

rFire    . . .     SeeInvis .   l - +0 dagger
rCold    . . .     Gourm    .   (no shield)
rNeg     + . .     Faith    .   a - +0 robe
rPois    ∞         Spirit   .   b - +0 hat
rElec    +         Reflect  .   (no cloak)
rCorr    .         Harm     .   (no gloves)
MR       .....                  (no boots)
Stlth    ++........             (no amulet)
HPRegen  0.06/turn              (no ring)
MPRegen  0.10/turn              (no ring)

@: hasted, very quick
A: negative energy resistance 1, electricity resistance, unbreathing,
petrification resistance, rot immunity, AC +3
a: no special abilities


You were on level 2 of the Dungeon.
You were hungry.

You visited 1 branch of the dungeon, and saw 2 of its levels.

You collected 76 gold pieces.

Inventory:

Hand Weapons
 l - a +0 dagger (weapon)
Armour
 a - a +0 robe (worn)
 b - a +0 hat (worn)
Jewellery
 g - a cursed ring of attention {unknown}
Scrolls
 e - 3 scrolls of identify {unknown}
 f - 3 scrolls of enchant weapon {unknown}
 i - a scroll of magic mapping {unknown}
 k - a scroll of immolation {unknown}
Potions
 j - a potion of curing {unknown}
Comestibles
 d - 2 rations


   Skills:
 - Level 1.5 Dodging
 - Level 2.1 Stealth
 - Level 3.0 Spellcasting
 + Level 3.1 Conjurations
   Level 0.8 Summonings
   Level 0.8 Translocations


You had 7 spell levels left.
You knew the following spells:

 Your Spells              Type           Power        Failure   Level  Hunger
a - Magic Dart            Conj           ##..         4%          1    None

Your spell library contained the following spells:

 Spells                   Type           Power        Failure   Level  Hunger
 Blink                    Tloc           N/A          16%         2    ##.....
 Call Imp                 Summ           #.......     16%         2    ##.....
 Slow                     Hex            #.......     22%         2    ##.....
 Conjure Flame            Conj/Fire      #.......     24%         3    ###....
 Mephitic Cloud           Conj/Pois/Air  #.......     30%         3    ###....


Dungeon Overview and Level Annotations

Branches:
Dungeon (2/15)

Altars:
Kikubaaqudgha


Innate Abilities, Weirdness & Mutations

You are resistant to torment.
Your stone body is resilient. (AC +3)
You are immune to poison.
You resist negative energy. (rN+)
You are resistant to electric shocks. (rElec)
You can survive without breathing.
You are immune to petrification.
You are immune to rotting.


Message History

The magic dart hits the orc.
The orc is almost dead.
The orc hits you with a +0 short sword.
* * * LOW HITPOINT WARNING * * *
The orc barely misses you.
Your magical contamination has completely faded away.
Casting: Magic Dart (safe; 4% risk of failure)
Confirm with . or Enter, or press ? or * to list all spells.
Okay, then.
Casting: Magic Dart (safe; 4% risk of failure)
Confirm with . or Enter, or press ? or * to list all spells.
Aiming: Magic Dart (safe; 4% risk of failure)
Press: ? - help, Shift-Dir - straight line, f/p - orc
Aim: an orc, wearing a +0 leather armour (almost dead)
The magic dart hits the orc.
The orc is severely wounded.
The orc barely misses you.
It was a potion of haste.
You feel yourself speed up. The orc hits you with a +0 short sword.
You die...

#.# #..#...[.... [..
#.......... ...
#.......... ...
##....##.##
#....##.#
.####...##.#
......<.##.##
.###........####.###
####@............
#o##...########
#o^...(.##....#
#..#.)⌠(...≈_.#
##........≈...#
##....≈..≈...#
#....≈≈≈≈≈.##
###.)≈≈≈≈..##
#.≈≈≈≈≈...#..


You could see 2 orcs.

Vanquished Creatures
  An ooze (D:1)
  An orc (D:2)
  4 giant cockroaches (D:2)
  A goblin (D:2)
  A hobgoblin (D:1)
  2 kobolds (D:1)
  4 bats
  2 frilled lizards (D:1)
  3 rats (D:1)
19 creatures vanquished.

Notes
Turn   | Place    | Note
-------+----------+-------------------------------------------
     0 | D:1      | Arctor the Gargoyle Wizard began the quest for the Orb.
     0 | D:1      | Reached XP level 1. HP: 10/10 MP: 4/4
   385 | D:1      | Reached XP level 2. HP: 12/15 MP: 4/6
   995 | D:2      | Found an ancient bone altar of Kikubaaqudgha.
  1094 | D:2      | Reached XP level 3. HP: 7/19 MP: 1/7
  1113 | D:2      | Slain by an orc

Levels and vault maps discovered:
D:1:      minmay_arrival_radiant_lines, layout_basic
D:2:      layout_rooms, kiku_gazebo_pond_becter

Skill      XL: |  1  2 |
---------------+-------+-----
Conjurations   | 2 3 |  3.1
Dodging        | |  1.5
Stealth        | |  2.1
Spellcasting   | |  3.0
Summonings     | |  0.8
Translocations | |  0.8

Action                   || total
-------------------------++-------
Melee: Unarmed           ||    34
       Dagger            ||    38
 Cast: Magic Dart        ||    36
  Use: Potion            ||     2
Armor: Robe              ||    18
       Skin              ||    49
Dodge: Dodged            ||    80
